 Dungeon Crawl Stone Soup version 0.28.0-47-ge53b351184 (webtiles) character file.

Game seed: 13999619234888015245

135 Descartes the Grasshopper (level 5, -7/38 HPs)
             Began as a Formicid Warper on May 7, 2022.
             Shot with an arrow by a centaur (10 damage)
             ... on level 3 of the Dungeon.
             The game lasted 00:03:22 (2808 turns).

Descartes the Grasshopper (Formicid Warper)         Turns: 2808, Time: 00:03:22

Health: -7/38      AC:  9    Str: 18    XL:     5   Next: 41%
Magic:  8/8        EV:  7    Int: 12    God:
Gold:   94         SH:  0    Dex: 10    Spells: 8/8 levels left

rFire   . . .      SeeInvis +   f - +1 whip (holy)
rCold   . . .      Faith    .   (no shield)
rNeg    . . .      Spirit   .   m - +0 chain mail
rPois   .          Reflect  .   (helmet unavailable)
rElec   .          Harm     .   (no cloak)
rCorr   .          Rampage  .   (no gloves)
Will    .....                   (no boots)
Stlth   ..........              (no amulet)
HPRegen 0.12/turn               o - ring of wizardry
MPRegen 0.11/turn               (no ring)

@: flying
A: permanent stasis, dig shafts and tunnels, antennae 3, four strong arms
a: Dig, Shaft Self


You were on level 3 of the Dungeon.
You visited 1 branch of the dungeon, and saw 3 of its levels.

You collected 94 gold pieces.

Inventory:

Hand Weapons
 f - a +1 whip of holy wrath (weapon)
 r - a +0 flail
Missiles
 c - 5 boomerangs of dispersal (quivered)
 g - 43 stones
 i - 6 atropa-tipped darts
 k - 5 poisoned darts
Armour
 m - a +0 chain mail (worn)
Jewellery
 o - a ring of wizardry (left hand)
Scrolls
 j - a scroll of fear {unknown}
 l - a scroll of amnesia {unknown}
 p - a scroll of fog {unknown}
 q - a scroll of magic mapping {unknown}
Potions
 a - a potion of haste {unknown}
 b - a potion of invisibility {unknown}
 d - a potion of might {unknown}
 e - 3 potions of flight
 h - 2 potions of brilliance {unknown}
 n - a potion of magic {unknown}


   Skills:
 - Level 2.1 Fighting
 + Level 3.3 Maces & Flails
 - Level 1.0 Throwing
 + Level 3.1 Armour
 - Level 1.7 Dodging
 - Level 2.1 Spellcasting
 + Level 3.7 Translocations


You had 8 spell levels left.
You didn't know any spells.
Your spell library contained the following spells:

 Spells                   Type           Power      Damage    Failure   Level
 Gell's Gravitas          Tloc           10%        N/A       63%         3
 Lesser Beckoning         Tloc           10%        N/A       63%         3
 Teleport Other           Tloc           10%        N/A       63%         3
 Ignite Poison            Fire/Tmut/Pois 1%         N/A       98%         3
 Mephitic Cloud           Conj/Pois/Air  1%         N/A       98%         3
 Freezing Cloud           Conj/Ice/Air   0%         6-21      100%        5
 Manifold Assault         Tloc           10%        N/A       100%        5
 Blink                    Tloc           Unusable   N/A       N/A         2

Dungeon Overview and Level Annotations

Branches:
Dungeon (3/15)

Altars:
Kikubaaqudgha


Innate Abilities, Weirdness & Mutations

You cannot be hasted, slowed, berserked, paralysed or teleported.
You can dig through walls and to a lower floor.
You have a pair of large antennae on your head. (SInv)
Your four strong arms can wield two-handed weapons with a shield.


Message History

You see here a hobgoblin corpse.
Found a short sword.
You see here a +0 short sword.
There is a stone staircase leading down here.
There is a stone staircase leading up here.
There is a stone staircase leading down here.
A centaur comes into view.
The centaur shouts!
The centaur wields a +1 shortbow of flaming.
It bursts into flame!
The centaur shoots an arrow.
The arrow hits you. The arrow burns you.
The centaur shoots an arrow.
The arrow hits you. The arrow burns you.
The centaur shoots an arrow.
The arrow completely misses you.
The centaur shoots an arrow.
The arrow hits you! The arrow burns you.
The centaur shoots an arrow.
The arrow hits you!
* * * LOW HITPOINT WARNING * * *
The arrow burns you.
* * * LOW HITPOINT WARNING * * *
You are too injured to fight recklessly!
You are too injured to fight recklessly!
You are too injured to fight recklessly!
You are too injured to fight recklessly!
You are too injured to fight recklessly!
You are too injured to fight recklessly!
You are too injured to fight recklessly!
You are too injured to fight recklessly!
You are too injured to fight recklessly!
You are too injured to fight recklessly!
You are too injured to fight recklessly!
You are too injured to fight recklessly!
You are too injured to fight recklessly!
You are too injured to fight recklessly!
You are too injured to fight recklessly!
You are too injured to fight recklessly!
You are too injured to fight recklessly!
Unknown command.
It was a potion of flight.
You feel very buoyant.
You fly up into the air.
The centaur shoots an arrow.
The arrow hits you!
You die...

#.# #.#
##########.#
#.#
#.......##.#
#.#
#.......##.#
#.#
#.......##.#
#.#
#..........#
#.#
#.......#####
#.#
#...........#
#.#
#........##.#
#@#
#........##.#
#.#
#........##.#
#.#
#........##.#
#c#
####+###.##.#
#.# #.##.#
#.# #.##.#
#.# { #.##.#
#.# ####.#
#.#


You could see a centaur.

Vanquished Creatures
  A hound (D:3)
  4 gnolls
  2 adders (D:2)
  2 dart slugs
  4 endoplasms (D:1)
  2 giant cockroaches (D:3)
  2 goblins (D:1)
  5 hobgoblins
  2 quokkas (D:1)
  6 ball pythons
  2 bats
  5 frilled lizards
  5 kobolds (D:1)
  5 rats
47 creatures vanquished.

Vanquished Creatures (others)
  A human (D:3)
1 creature vanquished.

Grand Total: 48 creatures vanquished

Notes
Turn   | Place    | Note
-------+----------+-------------------------------------------
     0 | D:1      | Descartes the Formicid Warper began the quest for the Orb.
     0 | D:1      | Reached XP level 1. HP: 16/16 MP: 3/3
   233 | D:1      | Reached XP level 2. HP: 22/22 MP: 5/5
   388 | D:1      | Reached XP level 3. HP: 24/27 MP: 6/6
   955 | D:2      | Reached XP level 4. HP: 33/33 MP: 7/7
  2003 | D:3      | Reached XP level 5. HP: 17/38 MP: 8/8
  2648 | D:3      | Found an ancient bone altar of Kikubaaqudgha.
  2650 | D:3      | Noticed a human
  2651 | D:3      | Killed a human
  2804 | D:3      | Noticed a centaur
  2808 | D:3      | Shot with an arrow by a centaur

Illustrated notes

Levels and vault maps discovered:
D:1:      dpeg_arrival_refuge, layout_rooms
D:2:      layout_basic
D:3:      layout_basic, tgw_kikubaaqudgha

Skill      XL: |  1  2  3  4  5 |
---------------+----------------+-----
Translocations | 3 |  3.7
Armour         | 2 3 |  3.1
Maces & Flails | 3 |  3.3
Fighting       | |  2.1
Throwing       | |  1.0
Dodging        | |  1.7
Spellcasting   | |  2.1

Action                   |  1- 3 |  4- 6 || total
-------------------------+-------+-------++-------
Melee: Mace              |    18 |       ||    18
       Whip              |    52 |    83 ||   135
       Punch             |       |     2 ||     2
  Use: Potion            |       |     1 ||     1
Armor: Scale mail        |    33 |     7 ||    40
       Chain mail        |       |    28 ||    28
Dodge: Dodged            |    37 |    40 ||    77
